 Dungeon Crawl Stone Soup version 0.30-a0-845-g7c6808c8ce (webtiles) character file.

Game seed: 17812507226082104848

136101 jasper the Warrior (level 16, -11/136 HPs)
             Began as a Demonspawn Conjurer on Mar 2, 2023.
             Was the Champion of Cheibriados.
             Blown up by an orb spider (57 damage)
             ... with an orb of destruction
             ... on level 3 of the Spider Nest.
             The game lasted 00:54:17 (38655 turns).

jasper the Warrior (Demonspawn Conjurer)           Turns: 38655, Time: 00:54:18

Health: -11/136    AC: 23    Str: 22 (24) XL:     16   Next: 66%
Magic:  34/42      EV: 20    Int: 44 (46) God:    Cheibriados [******]
Gold:   652        SH:  7    Dex: 25 (28) Spells: 11/41 levels left

rFire   + . .      SeeInvis .    A - staff of conjuration
rCold   + + .      Faith    .    k - +1 buckler {rC+}
rNeg    . . .      Spirit   .    a - +1 leather armour {rPois}
rPois   +          Reflect  .    Y - +0 helmet
rElec   .          Rampage  .    y - +2 cloak
rCorr   .                        (gloves unavailable)
Will    +....                    f - +2 pair of boots
Stlth   ++                       P - amulet of regeneration
HPRegen 1.22/turn                s - ring "Pujyular" {rF+ rC+ MP+9}
MPRegen 0.28/turn                L - +6 ring of intelligence

@: sanguine armoured, studying 2 skills, very slow
A: claws 3, ignite blood 3, spiny 2, sanguine armour 3
a: Renounce Religion, Bend Time, Temporal Distortion, Slouch, Step From Time


You were on level 3 of the Spider Nest.
You worshipped Cheibriados.
Cheibriados was exalted by your worship.
You visited 5 branches of the dungeon, and saw 26 of its levels.
You also visited: Bailey and Ice Cave.

You collected 3099 gold pieces.
You spent 2447 gold pieces at shops.

Inventory:

Armour
 a - a +1 leather armour of poison resistance (worn)
 f - a +2 pair of boots (worn)
 j - +0 steam dragon scales
 k - a +1 buckler of cold resistance (worn)
 w - a +0 kite shield
 y - a +2 cloak (worn)
 Q - +0 acid dragon scales
 Y - a +0 helmet (worn)
Magical Staves
 A - a staff of conjuration (weapon)
Jewellery
 e - an amulet of reflection
 l - a ring of flight
 o - the ring of Butchery {rN+ Will+}
   (You found it on level 2 of the Spider Nest)

   [ring of positive energy]

   rN:        It protects you from negative energy.
   Will:      It increases your willpower.
 s - the ring "Pujyular" (left claw) {rF+ rC+ MP+9}
   (You found it on level 3 of the Dungeon)

   [ring of protection from fire]

   rF:        It protects you from fire.
   rC:        It protects you from cold.
   MP:        It affects your magic capacity (+9).
 u - a ring of fire
 L - a +6 ring of intelligence (right claw)
 M - a ring of resist corrosion
 N - a ring of wizardry
 P - an amulet of regeneration (around neck)
 T - a ring of fire
Wands
 q - a wand of flame (56)
 H - a wand of digging (10)
 I - a wand of light (17)
 R - a wand of paralysis (14)
 W - a wand of roots (22)
Scrolls
 c - 5 scrolls of immolation
 h - 7 scrolls of fear
 i - 5 scrolls of amnesia
 m - 8 scrolls of identify
 p - a scroll of brand weapon
 r - 5 scrolls of teleportation
 t - 2 scrolls of magic mapping
 v - 4 scrolls of vulnerability
 z - 5 scrolls of fog
 J - 4 scrolls of enchant armour
 K - a scroll of silence
 S - 4 scrolls of poison
 U - 4 scrolls of torment
 V - 6 scrolls of blinking
Potions
 b - 4 potions of magic
 d - 20 potions of curing
 g - 4 potions of lignification
 n - 6 potions of flight
 x - 11 potions of mutation
 B - 3 potions of brilliance
 C - 3 potions of might
 D - 10 potions of heal wounds
 F - 2 potions of berserk rage
 G - 4 potions of attraction
 O - a potion of invisibility
 X - 2 potions of resistance
 Z - 5 potions of ambrosia
Miscellaneous
 E - a tin of tremorstones (1/2)


   Skills:
 - Level 15.0 Fighting
 - Level 8.0 Staves
 - Level 10.0 Dodging
 - Level 1.7 Stealth
 - Level 4.0 Shields
 - Level 13.1 Spellcasting
 + Level 12.2 Conjurations
 - Level 3.0 Hexes
 - Level 8.0 Necromancy
 - Level 3.0 Translocations
 + Level 10.2 Earth Magic
 - Level 12.0 Invocations


You had 11 spell levels left.
You knew the following spells:

 Your Spells              Type           Power      Damage    Failure   Level
a - Magic Dart            Conj           100%       1d8       0%          1
b - Searing Ray           Conj           100%       2d8       0%          2
c - Dazzling Flash        Conj/Hex       100%       N/A       1%          3
d - Fulminant Prism       Conj/Hex       48%        3d21      1%          4
e - Iskenderun's Mystic   Conj/Tloc      97%        2d19      1%          4
f - Lehudib's Crystal Sp  Conj/Erth      56%        10d13     67%         8
g - Stone Arrow           Conj/Erth      100%       3d13      1%          3
h - Apportation           Tloc           100%       N/A       1%          1
i - Blink                 Tloc           100%       N/A       1%          2
j - Sublimation of Blood  Necr           78%        N/A       1%          2

Your spell library contained the following spells:

 Spells                   Type           Power      Damage    Failure   Level
 Beastly Appendage        Tmut           56%        N/A       1%          1
 Sandblast                Erth           100%       2d20      1%          1
 Ensorcelled Hibernation  Hex/Ice        84%        N/A       1%          2
 Lesser Beckoning         Tloc           100%       N/A       1%          2
 Momentum Strike          Conj/Tloc      100%       3d10      1%          2
 Passwall                 Tmut/Erth      54%        N/A       1%          2
 Gell's Gravitas          Tloc           53%        N/A       1%          3
 Teleport Other           Tloc           53%        N/A       1%          3
 Animate Dead             Necr           78%        N/A       1%          4
 Lee's Rapid Deconstruct  Erth           43%        3d21*     1%          5
 Wereblood                Tmut           28%        N/A       2%          2
 Kindle Blastsparks       Fire/Tloc/Air  74%        2d16      3%          3
 Ignite Poison            Fire/Tmut/Pois 28%        N/A       4%          3
 Ozocubu's Armour         Ice            28%        N/A       4%          3
 Spider Form              Tmut/Pois      28%        N/A       4%          3
 Passage of Golubria      Tloc           53%        N/A       4%          4
 Freezing Cloud           Conj/Ice/Air   38%        6-21      8%          5
 Death Channel            Necr           39%        N/A       9%          6
 Ice Form                 Ice/Tmut       28%        N/A       14%         4
 Summon Ice Beast         Ice/Summ       28%        N/A       14%         4
 Summon Lightning Spire   Summ/Air       28%        N/A       14%         4
 Metabolic Englaciation   Hex/Ice        21%        N/A       22%         5
 Silence                  Hex/Air        21%        N/A       22%         5
 Summon Forest            Summ/Tloc      21%        N/A       22%         5
 Alistair's Intoxication  Tmut/Pois      18%        N/A       38%         5
 Simulacrum               Ice/Necr       29%        N/A       41%         6
 Storm Form               Tmut/Air       14%        N/A       100%        7
 Maxwell's Capacitive Co  Air            14%        ∞         100%        8
 Summon Horrible Things   Summ           14%        N/A       100%        8
 Polar Vortex             Ice            14%        N/A       100%        9


Dungeon Overview and Level Annotations

Branches:
Dungeon (15/15)            Temple (1/1) D:4            Lair (5/5) D:11
 Shoals (0/4) Lair:2       Spider (3/4) Lair:3          Orc (2/2) D:10
    Elf (0/3) Orc:2        Vaults (0/5) D:13         Depths (0/4) D:15
 Bailey (visited)           IceCv (visited)
  Slime: Lair:4-5

Altars:
Ashenzari
Cheibriados
Dithmenos
Gozag
Hepliaklqana
Kikubaaqudgha
Makhleb
Okawaru
Ru
Sif Muna
Vehumet
Wu Jian
Xom
Yredelemnul
Jiyva

Shops:
D:11 [   D:15 !   Orc:1 !   Orc:2 [([:

Annotations:
D:14 3 runed translucent doors, Kilet's ghost, adept GrEE
Lair:4 2 transporters, exclusion: 3 oklob plants, Zonian's ghost, journeyman VSFi
Spider:2 1 runed translucent door, patfeehan111222's ghost, adept MiBe


Innate Abilities, Weirdness & Mutations

You have claws for hands.
Your demonic aura causes all spilled blood to erupt in flames.
You are mostly covered in sharp spines.
When seriously injured, your blood forms very thick armour. (AC +12)


Message History

Press: ? - help, Q - select action, (/) - cycle Shift-Dir - straight line, f/p - orb spider
Aim: an orb spider (heavily wounded, 78% to hit)
You feel a surge of power!
The stone arrow misses the orb spider.
The orb spider pulsates with a strange energy.
You now have 6/42 mp.
Casting: Stone Arrow (safe; 1% risk of failure)
Confirm with . or Enter, or press ? or * to list all spells.
You draw magical energy from your own body!
The emperor scorpion is engulfed in blazing flames.
You take 6 damage, and have 61/136 hp.
You regained 4 mp, and now have 10/42 mp.
Casting: Sublimation of Blood (safe; 1% risk of failure)
Confirm with . or Enter, or press ? or * to list all spells.
You draw magical energy from your own body!
The emperor scorpion stings you but does no damage.
The emperor scorpion claws you but does no damage. x2
The emperor scorpion barely misses you.
The emperor scorpion claws you but does no damage.
The emperor scorpion completely misses you.
You take 39 damage, and have 22/136 hp.
MASSIVE DAMAGE!!
MP restored: 42
Casting: Sublimation of Blood (safe; 1% risk of failure)
Confirm with . or Enter, or press ? or * to list all spells.
You feel a surge of power!
You erupt in a blast of force!
The mystic blast hits the emperor scorpion!!
The emperor scorpion is lightly wounded.
The emperor scorpion is knocked back by the mystic blast.
The orb spider weaves a glowing orb of energy.
An orb of destruction comes into view.
You regained 2 hp, and now have 24/136 hp.
You now have 39/42 mp.
You feel much better.
You regained 21 hp, and now have 45/136 hp.
Activating: Slouch (1% risk of failure)
Press: ? - help, Dir - look around, f - activate You can feel time thicken for a moment.
You kill the orb spider!
Cheibriados appreciates the change of pace.
The orb of destruction hits you!!!
You die...

#..#####^.^†.##......#..#.
#^..#....^#....§...#.#....
#...^....##.........#...#.
#...^....###.........##...
##^.^.##..#...........###.
#.^#######○†..........#..
#####°...☼☼..☼..##......#
####§.§..○^...###....####
#...s.°†@☼...## ##^...#..
#....§##..#..# ##...#..
##.○.####.#..# #......
#...# ###..# ##...#^ #..^#
^^. ###.#. #..# ... #.#.
#.. ##.. #. ### # #.


You could see an emperor scorpion.

Vanquished Creatures
  Nikola (Spider:1)
  Kirke (D:13)
  An emperor scorpion (Spider:1)
  Aizul (Spider:1)
  2 ghost moths
  2 orc warlords
  The ghost of runemasterragnar the Frost Mage, a journeyman MfIE of Vehumet (Orc:2)
  Snorg (D:11)
  2 fire dragons
  The ghost of browni3141 the Ruffian, a journeyman TrFi of Ashenzari (Lair:2)
  An entropy weaver (Spider:3)
  An ice dragon (Lair:5)
  3 hydras
  2 radroaches
  8 centaur warriors
  4 boulder beetles
  3 catoblepae
  An ogre mage (D:15)
  A tengu warrior (D:14)
  8 two-headed ogres
  Urug (D:13)
  11 death yaks (Lair:4)
  2 skysharks
  5 skeletal warriors (D:12)
  A swamp dragon (Lair:5)
  5 orb spiders
  A deep elf archer (D:14)
  3 orc knights
  2 deep elf pyromancers (D:14)
  2 steelbarb worms
  Pikel (D:7)
  A wizard (D:15)
  3 lindwurms (Lair:5)
  2 necromancers
  2 deep elf zephyrmancers
  7 wolf spiders
  3 ugly things
  8 orc sorcerers
  2 manticores
  4 moths of wrath
  5 cyclopes
  A guardian serpent (D:14)
  A merfolk siren (Lair:2)
  5 elephants (Lair:4)
  A centaur zombie (D:15)
  An ice statue (IceCv)
  3 black mambas
  A centaur skeleton (D:15)
  8 torpor snails
  A naga mage (D:15)
  4 demonic crawlers
  2 gargoyles (D:11)
  Maggie (D:9)
  Psyche (D:10)
  9 cane toads
  An efreet (D:14)
  3 rime drakes
  12 komodo dragons
  5 freezing wraiths
  An anaconda simulacrum (IceCv)
  An unseen horror (D:10)
  12 ice devils (IceCv)
  A queen bee (Orc:1)
  4 trolls
  A troll (shapeshifter) (D:13)
  2 polar bears
  14 tarantellas
  A wolf spider simulacrum (D:15)
  7 hornets (Lair:5)
  4 tyrant leeches (Lair:5)
  13 blink frogs
  12 dream sheep (Lair:5)
  9 jumping spiders
  Sigmund (D:2)
  12 slime creatures
  A shadow (D:13)
  11 culicivoras
  53 yaks
  A centaur simulacrum (D:14)
  5 wyverns
  4 water elementals
  2 vampires
  2 hogs (D:13)
  2 dire elephant simulacra (IceCv)
  2 wraiths
  16 humans (D:13)
  4 death yak simulacra (IceCv)
  4 vampire mosquitoes (D:10)
  30 redbacks
  3 wargs
  5 basilisks
  5 steam dragons
  2 hydra simulacra (IceCv)
  An acid dragon (D:13)
  2 harpy simulacra (IceCv)
  17 water moccasins
  39 orc warriors
  2 swamp drakes
  3 sky beasts
  An ice beast (D:6)
  13 ogres
  8 wolves
  6 boggarts
  4 black bears
  A tengu (shapeshifter) (D:15)
  23 centaurs
  3 lemures (D:7)
  3 phantoms
  A kobold brigand (D:6)
  14 bullfrogs
  2 two-headed ogre simulacra
  2 gnoll sergeants
  4 cane toad simulacra (IceCv)
  8 scorpions
  6 wights (D:8)
  5 elephant simulacra (IceCv)
  32 killer bees
  A howler monkey (D:4)
  7 electric eels
  3 hounds
  24 orc priests
  Crazy Yiuf (D:7)
  A jelly (D:4)
  A sleepcap (D:8)
  8 iguanas
  31 orc wizards
  A spriggan simulacrum (Orc:1)
  3 troll simulacra
  3 polar bear simulacra
  7 wolf simulacra
  A boggart simulacrum (D:15)
  10 gnolls
  A naga simulacrum (Orc:1)
  3 adders
  A river rat (D:6)
  A shadow imp (D:8)
  5 white imps
  4 ufetubi
  4 worms
  4 dart slugs
  102 orcs
  11 endoplasms
  4 giant cockroaches
  5 hobgoblins
  2 jackals (D:4)
  8 kobolds
  5 quokkas
  8 ball pythons
  8 bats
  6 frilled lizards
  12 goblins
  4 rats
923 creatures vanquished.

Vanquished Creatures (others)
  A steelbarb worm (Spider:2)
  2 demonic crawlers (Spider:2)
  A jumping spider (Spider:1)
  3 humans (D:13)
  A gnoll (D:13)
  31 fulminant prisms
  19 fungi
  67 plants
  4 toadstools (D:2)
129 creatures vanquished.

Grand Total: 1052 creatures vanquished

Notes
Turn   | Place    | Note
-------+----------+-------------------------------------------
     0 | D:1      | jasper the Demonspawn Conjurer began the quest for the Orb.
     0 | D:1      | Reached XP level 1. HP: 13/13 MP: 3/3
   339 | D:1      | Gained mutation: When seriously injured, your blood forms
                  | armour. (AC +12) [demonic ancestry]
   339 | D:1      | Reached XP level 2. HP: 9/19 MP: 1/5
   598 | D:2      | Gained mutation: Your demonic aura sometimes causes spilled
                  | blood to erupt in flames. [demonic ancestry]
   598 | D:2      | Reached XP level 3. HP: 19/24 MP: 0/7
   603 | D:2      | Learned a level 2 spell: Searing Ray
   607 | D:2      | Learned a level 3 spell: Dazzling Flash
  1087 | D:2      | Found a faded altar of an unknown god.
  1101 | D:2      | Noticed Sigmund
  1112 | D:2      | Killed Sigmund
  1113 | D:2      | Reached skill level 5 in Conjurations
  1113 | D:2      | Gained mutation: You are partially covered in sharp spines.
                  | [demonic ancestry]
  1113 | D:2      | Reached XP level 4. HP: 30/30 MP: 3/10
  1113 | D:2      | Gained mutation: You have sharp fingernails. [demonic
                  | ancestry]
  1113 | D:2      | Reached XP level 5. HP: 35/35 MP: 3/12
  1121 | D:2      | Learned a level 4 spell: Fulminant Prism
  1705 | D:3      | Reached skill level 1 in Hexes
  1919 | D:3      | Identified the ring "Pujyular" {rF+ rC+ MP+9}
  1997 | D:3      | Gained mutation: When seriously injured, your blood forms
                  | thick armour. (AC +12) [demonic ancestry]
  1997 | D:3      | Reached XP level 6. HP: 41/41 MP: 13/13
  2077 | D:3      | Found a shadowy altar of Dithmenos.
  2128 | D:3      | Learned a level 4 spell: Iskenderun's Mystic Blast
  2466 | D:4      | Reached skill level 5 in Spellcasting
  2739 | D:4      | Reached skill level 1 in Translocations
  2739 | D:4      | Gained mutation: Your demonic aura often causes spilled
                  | blood to erupt in flames. [demonic ancestry]
  2739 | D:4      | Reached XP level 7. HP: 38/46 MP: 14/15
  2900 | D:4      | Found a staircase to the Ecumenical Temple.
  2914 | Temple   | Entered the Ecumenical Temple
  2945 | Temple   | Became a worshipper of Cheibriados the Contemplative
  3425 | D:5      | Entered Level 5 of the Dungeon
  3530 | D:5      | Reached skill level 1 in Fighting
  3630 | D:5      | Gained mutation: You have very sharp fingernails. [demonic
                  | ancestry]
  3630 | D:5      | Reached XP level 8. HP: 54/54 MP: 17/17
  3758 | D:5      | Reached skill level 2 in Fighting
  4154 | D:5      | Found a sacrificial altar of Ru.
  4191 | D:6      | Reached skill level 5 in Invocations
  4263 | D:6      | Reached * piety under Cheibriados
  4327 | D:6      | Reached skill level 3 in Fighting
  4626 | D:6      | Gained mutation: When seriously injured, your blood forms
                  | very thick armour. (AC +12) [demonic ancestry]
  4626 | D:6      | Reached XP level 9. HP: 64/64 MP: 19/19
  5001 | D:6      | Reached ** piety under Cheibriados
  5508 | D:7      | Found a basalt altar of Yredelemnul.
  5550 | D:7      | Noticed Pikel
  5561 | D:7      | Reached skill level 4 in Fighting
  5571 | D:7      | Killed Pikel
  5776 | D:7      | Found a flagged portal.
  5803 | Bailey   | Entered a bailey
  5999 | Bailey   | Reached *** piety under Cheibriados
  6209 | Bailey   | Found a large runed translucent door.
  6209 | Bailey   | Found a large runed translucent door.
  6210 | Bailey   | Noticed an orc knight
  6210 | Bailey   | Noticed a deep elf zephyrmancer
  6247 | Bailey   | Killed an orc knight
  6248 | Bailey   | Reached skill level 5 in Fighting
  6248 | Bailey   | Reached skill level 5 in Dodging
  6248 | Bailey   | Gained mutation: Your demonic aura causes all spilled blood
                  | to erupt in flames. [demonic ancestry]
  6248 | Bailey   | Reached XP level 10. HP: 33/74 MP: 3/21
  6454 | Bailey   | Identified the ring of Xom's Flight of Fancy {Fire Str+4
                  | Dex-4 Slay+3 SInv}
  6490 | Bailey   | Killed a deep elf zephyrmancer
  6491 | Bailey   | Reached skill level 10 in Invocations
  7207 | D:7      | Found a runed translucent door.
  7208 | D:7      | Noticed Crazy Yiuf
  7508 | D:7      | Killed Crazy Yiuf
  7796 | D:2      | Reached **** piety under Cheibriados
  8775 | D:8      | Learned a level 8 spell: Lehudib's Crystal Spear
  8907 | D:8      | You fall into a shaft and drop 2 floors!
  8907 | D:10     | Entered Level 10 of the Dungeon
  8907 | D:10     | Found a radiant altar of Vehumet.
  9035 | D:9      | Reached skill level 6 in Fighting
  9040 | D:9      | Reached ***** piety under Cheibriados
  9990 | D:9      | Reached XP level 11. HP: 78/83 MP: 22/23
 10034 | D:9      | Noticed Maggie
 10047 | D:9      | Killed Maggie
 10600 | D:10     | Reached skill level 7 in Fighting
 10860 | D:10     | Noticed Psyche
 10866 | D:10     | Killed Psyche
 11152 | D:10     | Found a broken altar of Ashenzari.
 11260 | D:10     | Found a staircase to the Orcish Mines.
 11269 | D:10     | Learned a level 3 spell: Stone Arrow
 11710 | D:10     | Found an opulent altar of Gozag.
 11710 | D:10     | Found an iron altar of Okawaru.
 11761 | D:10     | Found an ancient bone altar of Kikubaaqudgha.
 11905 | D:11     | Found Weaschil's Armour Boutique.
 11932 | D:11     | Noticed a green ugly thing
 11934 | D:11     | Killed a green ugly thing
 12365 | D:11     | Noticed a two-headed ogre
 12371 | D:11     | Killed a two-headed ogre
 12372 | D:11     | Reached skill level 10 in Spellcasting
 12513 | D:11     | Noticed Snorg
 12517 | D:11     | Killed Snorg
 12518 | D:11     | Reached skill level 8 in Fighting
 12911 | D:11     | Found a hazy altar of Hepliaklqana.
 13136 | D:11     | Found a staircase to the Lair.
 13188 | D:11     | Reached ****** piety under Cheibriados
 13356 | D:12     | Noticed a skeletal warrior
 13365 | D:12     | Killed a skeletal warrior
 13366 | D:12     | Reached skill level 9 in Fighting
 13372 | D:12     | Noticed a skeletal warrior
 13373 | D:12     | Noticed a skeletal warrior
 13612 | D:12     | Reached XP level 12. HP: 95/95 MP: 23/26
 13894 | Lair:1   | Entered Level 1 of the Lair of Beasts
 14031 | D:11     | Bought a +1 leather armour of poison resistance for 154
                  | gold pieces
 14311 | Lair:1   | Noticed a catoblepas
 14318 | Lair:1   | Killed a catoblepas
 14627 | Lair:1   | Reached skill level 10 in Fighting
 14763 | Lair:1   | Noticed a boulder beetle
 14772 | Lair:1   | Killed a boulder beetle
 15168 | Lair:1   | Reached skill level 10 in Dodging
 15175 | Lair:1   | Reached skill level 1 in Earth Magic
 15898 | Lair:2   | Found a staircase to the Shoals.
 16358 | Lair:2   | Found a sacrificial altar of Ru.
 16396 | Lair:2   | Found a runed translucent gate.
 16396 | Lair:2   | Found a runed translucent gate.
 16396 | Lair:2   | Found a runed translucent gate.
 16397 | Lair:2   | Noticed browni3141's ghost (journeyman TrFi)
 16948 | Lair:2   | Learned a level 1 spell: Apportation
 17230 | Lair:3   | Noticed a boulder beetle
 17244 | Lair:3   | Killed a boulder beetle
 17248 | Lair:3   | Learned a level 2 spell: Blink
 17392 | Lair:3   | Noticed a catoblepas
 17399 | Lair:3   | Killed a catoblepas
 17400 | Lair:3   | Reached XP level 13. HP: 103/103 MP: 21/27
 17741 | Lair:3   | Found a hole to the Spider Nest.
 18602 | Lair:4   | Reached skill level 5 in Earth Magic
 19095 | Lair:4   | Found a transporter.
 19178 | Lair:4   | Found a transporter.
 19368 | Lair:4   | Noticed Zonian's ghost (journeyman VSFi)
 19696 | Lair:4   | Found a viscous altar of Jiyva.
 19740 | Lair:5   | Entered Level 5 of the Lair of Beasts
 20220 | Lair:5   | Reached XP level 14. HP: 110/110 MP: 13/30
 21693 | Lair:5   | Reached skill level 10 in Conjurations
 22229 | Lair:5   | Found a runed translucent door.
 22393 | Lair:5   | Paralysed by a hornet for 2 turns
 23034 | Orc:1    | Entered Level 1 of the Orcish Mines
 23497 | Orc:1    | Found a frozen archway.
 23510 | Orc:1    | Found Viv Inemi's Distillery.
 23568 | IceCv    | Entered an ice cave
 24273 | IceCv    | Found an ancient bone altar of Kikubaaqudgha.
 24281 | IceCv    | Reached skill level 1 in Shields
 24455 | IceCv    | Got the Information on the Blizzard
 24816 | IceCv    | Got Piatedgha's Compilation of Lethal Hail
 24820 | IceCv    | Learned a level 2 spell: Sublimation of Blood
 24948 | Orc:1    | Noticed an orc warlord
 24961 | Orc:1    | Reached skill level 1 in Staves
 24961 | Orc:1    | Reached skill level 1 in Necromancy
 24965 | Orc:1    | Killed an orc warlord
 25224 | Orc:1    | Bought 2 potions of resistance for 340 gold pieces
 25224 | Orc:1    | Bought a potion of curing for 51 gold pieces
 25224 | Orc:1    | Bought a potion of heal wounds for 85 gold pieces
 25224 | Orc:1    | Bought a potion of curing for 51 gold pieces
 25224 | Orc:1    | Bought a potion of heal wounds for 85 gold pieces
 25224 | Orc:1    | Bought a potion of heal wounds for 85 gold pieces
 25224 | Orc:1    | Bought 2 potions of curing for 102 gold pieces
 25224 | Orc:1    | Bought a potion of magic for 136 gold pieces
 25352 | Orc:2    | Entered Level 2 of the Orcish Mines
 25352 | Orc:2    | Found a staircase to the Elven Halls.
 26116 | Orc:2    | Found a large runed translucent door.
 26117 | Orc:2    | Found a large runed translucent door.
 26118 | Orc:2    | Noticed runemasterragnar's ghost (journeyman MfIE)
 26704 | Orc:2    | Gained mutation: You are mostly covered in sharp spines.
                  | [demonic ancestry]
 26704 | Orc:2    | Reached XP level 15. HP: 115/115 MP: 29/32
 26961 | Orc:2    | Paralysed by an orc sorcerer for 2 turns
 27014 | Orc:2    | Reached skill level 5 in Necromancy
 27119 | Orc:2    | Found Hegy's Book Shoppe.
 27283 | Orc:2    | Found Yzeyfed's Antique Armour Boutique.
 27288 | Orc:2    | Bought a glowing robe for 92 gold pieces
 27416 | Orc:2    | Found Jostrymmu's Antique Armour Shop.
 27417 | Orc:2    | Found Nonaev's Antique Weapon Boutique.
 27513 | Orc:2    | Killed runemasterragnar's ghost
 27597 | Orc:2    | Bought a manual of Fighting for 1200 gold pieces
 29173 | D:13     | Noticed Urug
 29173 | D:13     | Found a gate to the Vaults.
 29181 | D:13     | Killed Urug
 29183 | D:13     | Noticed Kirke
 29312 | D:13     | Killed Kirke
 29634 | D:13     | Reached skill level 11 in Fighting
 30253 | D:14     | HP: 2/120 [deep elf archer/arrow (16)]
 30314 | D:14     | Got the Quarto of Phantasms and Terrain
 30375 | D:14     | Reached skill level 5 in Staves
 30393 | D:14     | Reached skill level 12 in Fighting
 30556 | D:14     | Found a runed translucent gate.
 30556 | D:14     | Found a runed translucent gate.
 30556 | D:14     | Found a runed translucent gate.
 30556 | D:14     | Noticed Kilet's ghost (adept GrEE)
 31380 | D:14     | Found an opulent altar of Gozag.
 31873 | D:15     | Entered Level 15 of the Dungeon
 33403 | D:15     | Found Teefoideism's Distillery.
 33412 | D:15     | Bought a potion of curing for 33 gold pieces
 33412 | D:15     | Bought a potion of curing for 33 gold pieces
 33489 | D:15     | Gained mutation: You have claws for hands. [demonic
                  | ancestry]
 33489 | D:15     | Reached XP level 16. HP: 117/128 MP: 17/33
 33589 | D:15     | Found a staircase to the Depths.
 33600 | D:15     | Reached skill level 13 in Fighting
 34407 | Lair:2   | Killed browni3141's ghost
 34548 | Spider:1 | Entered Level 1 of the Spider Nest
 34727 | Spider:1 | Reached skill level 14 in Fighting
 35172 | Spider:1 | Identified the +0 pair of gloves of Wrong Decisions {Str+3}
 35182 | Spider:1 | Reached skill level 15 in Fighting
 36419 | Spider:2 | Noticed patfeehan111222's ghost (adept MiBe)
 36419 | Spider:2 | Noticed Nikola
 36419 | Spider:2 | Found a runed translucent door.
 36419 | Spider:2 | Found a shimmering altar of Xom.
 36423 | Spider:2 | Noticed Aizul
 36437 | Spider:1 | Killed Aizul
 36584 | Spider:1 | Killed Nikola
 36656 | Spider:1 | HP: 9/204 [something (8)]
 36657 | Spider:1 | HP: 2/204 [something (6)]
 36794 | Spider:2 | Identified the ring of Butchery {rN+ Will+}
 38052 | Spider:3 | Reached skill level 10 in Earth Magic
 38655 | Spider:3 | Blown up by an orb spider

Illustrated notes

Levels and vault maps discovered:
D:1:      matt_arrival_los_fun, layout_rooms, kennysheep_flooded_box,
          st_stairs_7, glass_columns_c
D:2:      layout_loops_ring, basic_ecumenical_altar, minmay_gold_behind_fungi,
          uniq_sigmund
D:3:      layout_basic, nicolae_dithmenos_through_a_glass_darkly,
          nicolae_elyvilon_peaceful_grove, hangedman_abyss_or_decor_lesser_grid
D:4:      layout_cave_pools, minmay_temple_entry_mini_moons,
          chequers_serial_rivers_micro_a
D:5:      layout_rooms, nicolae_ru_path_of_blood,
          chequers_serial_rivers_small_a, hangedman_decor_growths, st_stairs_5
D:6:      layout_gridville, portal_sewer_entry_e
D:7:      layout_cave_pods, mainiacjoe_overflow_brackets, enter_bailey_5,
          serial_glass, glass_columns_a, glass_columns_a, glass_columns_a,
          glass_columns_a, glass_columns_a, glass_columns_a,
          uniq_crazy_yiuf_cottage, uniq_pikel
D:8:      layout_basic
D:9:      layout_rooms, uniq_maggie
D:10:     layout_basic, ashenzari_conservatory_becter,
          gammafunk_temple_overflow_claw, overflow_temple_1_default,
          david_orc_4, uniq_psyche
D:11:     layout_stronghold, erik_lair_dragon, serial_shops,
          nicolae_shop_statue_plus, nicolae_hepliaklqana_hippocampus, uniq_snorg
D:12:     layout_stronghold, chequers_big_river
D:13:     layout_big_octagon, david_vaults_3, uniq_kirke
D:14:     minmay_the_grid_triangle_9x9_recursive_2_mashed
          [minmay_the_grid_triangle_9x9_prize_center,
          minmay_the_grid_triangle_9x9_swiss_cheese,
          minmay_the_grid_triangle_9x9_corrupted_corridor,
          minmay_the_grid_triangle_9x9_odd_lines], layout_grid_maze,
          grunt_gozag_statues, ebering_ghost_rock_garden,
          nrook_guardian_serpent_ordinary
D:15:     grunt_enter_depths_magical_seal, layout_basic, serial_shops,
          nicolae_shop_waterfront
Temple:   hellmonk_temple_forest_ring
Lair:1:   layout_chaotic_city, grunt_megastairs_5
Lair:2:   layout_cave_pods, minmay_shoals_entry_lonely_mermaid,
          gammafunk_ghost_split, basic_altar, lemuel_fruit_fields,
          lemuel_fruit_tree
Lair:3:   layout_big_grid, spider_nest_entry_webs, basic_altar
Lair:4:   layout_loops_ring, minmay_slime_entry_oklob_open,
          gammafunk_ghost_berserking_beasts, serial_bayou_shore_a,
          infiniplex_staircase_pool_2
Lair:5:   wormcave, layout_gridlike, guppyfry_lair_end_dragon,
          grunt_megastairs_1
Spider:1: layout_spider_delve
Spider:2: layout_spider_delve, ebering_ghost_xom, uniq_nikola, uniq_aizul
Spider:3: nicolae_spider_corner, hangedman_spider_tarantella_strand
Orc:1:    layout_caves, portal_ice_cave_entry_ice_simulacra, serial_shops, shop,
          special_room [special_room_bee]
Orc:2:    grunt_orc_community_town_hall, layout_caves,
          grunt_orc_community_big_house_1, grunt_orc_community_big_house_2,
          grunt_orc_community_house_2, grunt_orc_community_house_1,
          grunt_orc_community_house_2, grunt_orc_community_house_2,
          grunt_orc_community_house_2, grunt_orc_community_house_1,
          ebering_ghost_disaster_area

Skill      XL: |  1  2  3  4  5  6  7  8  9 10 11 12 13 14 15 16 |
---------------+-------------------------------------------------+-----
Spellcasting   | 4 5 6 7 8 10 12 13 | 13.1
Conjurations   | 5 6 9 10 12 | 12.2
Hexes          | 1 3 |  3.0
Translocations | 1 3 |  3.0
Fighting       | 1 3 5 6 9 10 12 15 | 15.0
Dodging        | 2 3 5 6 8 10 | 10.0
Invocations    | 3 6 9 12 | 12.0
Earth Magic    | 4 7 8 10 | 10.2
Shields        | 4 |  4.0
Staves         | 2 8 |  8.0
Necromancy     | 3 8 |  8.0
Stealth        | |  1.7

Action                     |  1- 3 |  4- 6 |  7- 9 | 10-12 | 13-15 | 16-18 || total
---------------------------+-------+-------+-------+-------+-------+-------++-------
  Melee: Unarmed           |    26 |       |       |       |       |       ||    26
         Whip              |     3 |       |    16 |       |       |       ||    19
         Staff             |       |       |       |    15 |    81 |    16 ||   112
         Punch             |       |       |       |       |     1 |       ||     1
   Cast: Magic Dart        |    51 |    57 |   174 |   182 |       |       ||   464
         Searing Ray       |     2 |     9 |    34 |    43 |     1 |       ||    89
         Iskenderun's Myst |       |       |     3 |     5 |    67 |    43 ||   118
         Fulminant Prism   |       |       |    12 |    10 |     8 |     1 ||    31
         Dazzling Flash    |       |       |     4 |       |     3 |       ||     7
         Stone Arrow       |       |       |       |   188 |   703 |   200 ||  1091
         Sublimation of Bl |       |       |       |       |    33 |     6 ||    39
 Invoke: Slouch            |       |       |       |       |       |     1 ||     1
  Evoke: Tin of tremorston |       |       |       |       |     4 |     1 ||     5
         Wand              |       |       |       |       |     2 |       ||     2
    Use: Scroll            |       |       |    17 |    10 |     2 |       ||    29
         Potion            |       |       |       |       |     6 |     4 ||    10
   Stab: Invisible         |       |       |     1 |       |       |       ||     1
 Armour: Robe              |    11 |     7 |    18 |    33 |       |       ||    69
         Leather armour    |       |       |       |     8 |    95 |    41 ||   144
  Dodge: Dodged            |    14 |     4 |    58 |   113 |   337 |   127 ||   653
  Block: Other             |     5 |     7 |    21 |    15 |       |       ||    48
         Reflection        |       |       |     2 |     2 |       |       ||     4
         Buckler           |       |       |       |       |    81 |    51 ||   132

Table legend: (Time is in decaauts)
 A = Elapsed time spent in this place.
 B = Non-inter-level travel time spent in this place.
 C = Inter-level travel time spent in this place.
 D = Time resting spent in this place.
 E = Time spent auto-exploring this place.
 F = Levels seen in this place.
 G = Mean time per level.
                   A        B        C        D        E       F      G
               +--------+--------+--------+--------+--------+-----+--------+
         Total |  53790 |  49202 |   4588 |   6190 |  37263 |  28 | 1921.1 |
       Dungeon |  28823 |  25574 |   3249 |   1551 |  21343 |  15 | 1921.5 |
        Temple |     45 |     27 |     18 |      0 |     22 |   1 |   45.0 |
          Lair |  12862 |  12087 |    775 |   2048 |   8760 |   5 | 2572.4 |
   Spider Nest |   5253 |   4904 |    349 |   1416 |   2866 |   3 | 1751.0 |
  Orcish Mines |   4212 |   4017 |    195 |    581 |   2892 |   2 | 2106.0 |
        Bailey |    929 |    929 |      0 |    253 |    450 |   1 |  929.0 |
      Ice Cave |   1663 |   1663 |      0 |    341 |    929 |   1 | 1663.0 |
               +--------+--------+--------+--------+--------+-----+--------+

Top non-repeatable levels by time:
    D:11: 4102 daAuts
  Lair:5: 3657 daAuts
    D:15: 3292 daAuts
    D:14: 3038 daAuts
   Orc:2: 2983 daAuts
  Lair:4: 2969 daAuts
    D:10: 2808 daAuts
    D:12: 2602 daAuts
  Lair:2: 2496 daAuts
  Lair:1: 2116 daAuts
Spider:2: 2077 daAuts
Spider:1: 2040 daAuts
     D:7: 1893 daAuts
     D:6: 1685 daAuts
   IceCv: 1663 daAuts
